 Dungeon Sprint DCSS version 0.31-a0-986-g5e6e4ef867 (webtiles) character file.

Game seed: 11909344798587838611

1388 sircluck the Grappler (level 8, -1/93 HPs)
             Began as a Troll Berserker on Nov 13, 2023.
             Was a High Priest of Trog.
             Slain by a two-headed ogre
             ... wielding a +0 giant club
              (25 damage)
             ... in the Dungeon (Sprint III: "The Ten Rune Challenge").
             The game lasted 00:00:59 (387 turns).

sircluck the Grappler (Troll Berserker)              Turns: 387, Time: 00:01:00

Health: -1/93      AC:  4    Str: 32    XL:     8   Next: 40%
Magic:  7/7        EV: 12    Int:  2    God:    Trog [*****.]
Gold:   50         SH:  4    Dex:  8    Spells: 7/7 levels left

rFire   . .          .
                       - Unarmed
rCold   . . .        (no shield)
rNeg    . . .        a - +0 animal skin
rPois   .            (helmet restricted)
rElec   .            (no cloak)
rCorr   .            (gloves unavailable)
SInv    .            (boots unavailable)
Will    .....        (no amulet)
Stlth   +            (no ring)
HPRegen 1.15/turn    (no ring)
MPRegen 0.10/turn

%: no teleportation
@: no status effects
A: large, unfitting armour, claws 3, regeneration 1, shaggy fur 1, tough skin 1,
large bone plates 1, strong 1
a: Renounce Religion, Berserk, Trog's Hand, Brothers in Arms


You were in the Dungeon.
You worshipped Trog.
Trog was extremely pleased with you.
You visited 1 branch You collected 50 gold pieces.

Inventory:

Armour
 a - a +0 animal skin (worn)
Scrolls
 g - a scroll of blinking
 h - 2 scrolls of identify {unknown}
 j - 2 scrolls of torment {unknown}
 l - a scroll of poison {unknown}
Potions
 b - 3 potions of curing
 c - 3 potions of heal wounds
 d - a potion of haste
 e - 2 potions of magic
 f - a potion of berserk rage
 i - 2 potions of mutation
 k - 4 potions of enlightenment
Miscellaneous
 m - a lightning rod (4/4)


   Skills:
 + Level 9.6 Fighting
 + Level 9.5 Dodging
 + Level 11.3 Unarmed Combat


You had 7 spell levels left.
You didn't know any spells.
Your spell library was empty.

Dungeon Overview and Level Annotations

Branches:
Dungeon (1/1)

Altars:
Cheibriados
Dithmenos
Elyvilon
Fedhas
Gozag
Hepliaklqana
Kikubaaqudgha
Makhleb
Nemelex Xobeh
Okawaru
Qazlal
Ru
Sif Muna
Trog
Uskayaw
Vehumet
Wu Jian
Xom
Yredelemnul
Zin
The Shining One
Jiyva
Lugonu


Innate Abilities, Weirdness & Mutations

You are too large for most types of armour.
You have claws for hands.
Your natural rate of healing is unusually fast.
You are covered in fur. (AC +1)
You have tough skin. (AC +1)
You are partially covered in large bone plates. (SH +4)
Your muscles are strong. (Str +4, Int/Dex -1)


Message History

No target in view!
No target in view!
No target in view!
No target in view!
No target in view!
No target in view!
There is a sparkling altar of Nemelex Xobeh here.
You see here a lightning rod (4/4).
m - a lightning rod (4/4)
There is a hazy altar of Hepliaklqana here.
There is a snail-covered altar of Cheibriados here.
There is an open door here.
You open the door.
There is an open door here. 2 two-headed ogres come into view.
The two-headed ogre shouts in stereo! x2; You hear two shouts!
A two-headed ogre comes into view.
It is wielding a +0 giant club and a +0 dire flail.
You scratch the two-headed ogre. You claw the two-headed ogre!!
The two-headed ogre is heavily wounded.
The two-headed ogre hits you with a +0 giant club!!
You block the two-headed ogre's attack.
You scratch the two-headed ogre but do no damage.
The two-headed ogre is heavily wounded.
You mangle the two-headed ogre!!
You kill the two-headed ogre!
Trog accepts your kill.
Unknown command.
You scratch the two-headed ogre.
The two-headed ogre is lightly wounded.
The two-headed ogre hits you with a +0 giant club!!
The two-headed ogre completely misses you.
You mangle the two-headed ogre!!
You kill the two-headed ogre!
Trog accepts your kill.
You claw the two-headed ogre!
The two-headed ogre is moderately wounded.
The two-headed ogre hits you with a +0 giant club!
* * * LOW HITPOINT WARNING * * *
The two-headed ogre hits you with a +0 giant club!!
You die...

♣♣..###'#'###)##
....#..........#
....'.⌠........#
~...#..)######'#
....#.⌠.#__#...# #
....#...#__#...# #.#
....#)###__#...## ..
....#.:.#__#...'##.#
....#___#__'...#@O.#
▓▓▓▓▓▓▓▓▓▓▓▓▓▓▓▓▓▓▓▓


You could see a two-headed ogre.

Vanquished Creatures
  A deep elf pyromancer (D)
  A shadow (D)
  A spatial vortex (D)
  2 two-headed ogres (D)
  A necrophage (D)
  A water elemental (D)
  A jelly (D)
  An arcanist (D)
  Jessica (D)
  A necromancer (D)
  3 humans (D)
  A kobold demonologist (D)
  A phantom (D)
  An endoplasm (D)
  2 rats (D)
19 creatures vanquished.

Notes
Turn   | Place    | Note
-------+----------+-------------------------------------------
     0 | D        | sircluck the Troll Berserker began the quest for the Orb.
     0 | D        | Reached XP level 1. HP: 22/22 MP: 0/0
    13 | D        | Noticed Jessica
    17 | D        | Killed Jessica
    17 | D        | Reached ** piety under Trog
    18 | D        | Reached skill level 4 in Unarmed Combat
    18 | D        | Reached XP level 2. HP: 14/32 MP: 1/1
    20 | D        | Reached XP level 3. HP: 20/39 MP: 2/2
    90 | D        | Reached *** piety under Trog
    91 | D        | Reached skill level 5 in Unarmed Combat
   112 | D        | Gained mutation: You are partially covered in large bone
                  | plates. (SH +4) [potion of mutation]
   112 | D        | Gained mutation: Your muscles are strong. (Str +4, Int/Dex
                  | -1) [potion of mutation]
   126 | D        | Noticed a water elemental
   129 | D        | Killed a water elemental
   130 | D        | Reached skill level 5 in Fighting
   130 | D        | Reached skill level 6 in Unarmed Combat
   130 | D        | Reached XP level 4. HP: 50/50 MP: 3/3
   173 | D        | Found a radiant altar of Vehumet.
   173 | D        | Found a shimmering blue altar of Sif Muna.
   173 | D        | Found an ancient bone altar of Kikubaaqudgha.
   173 | D        | Noticed an arcanist
   178 | D        | Reached skill level 5 in Dodging
   178 | D        | Killed an arcanist
   178 | D        | Reached **** piety under Trog
   179 | D        | Reached XP level 5. HP: 41/57 MP: 4/4
   204 | D        | Found a glowing silver altar of Zin.
   204 | D        | Found a glowing golden altar of the Shining One.
   204 | D        | Found a white marble altar of Elyvilon.
   205 | D        | Noticed a deep elf pyromancer
   218 | D        | Noticed a fire elemental
   218 | D        | Killed a deep elf pyromancer
   219 | D        | Reached skill level 9 in Unarmed Combat
   219 | D        | Reached XP level 6. HP: 28/72 MP: 5/5
   219 | D        | Reached XP level 7. HP: 31/80 MP: 6/6
   269 | D        | Found a hide-covered altar of Uskayaw.
   269 | D        | Found an iron altar of Okawaru.
   269 | D        | Found a bloodstained altar of Trog.
   269 | D        | Found an ornate altar of the Wu Jian Council.
   269 | D        | Noticed a human
   269 | D        | Noticed a human
   273 | D        | Killed a human
   275 | D        | Killed a human
   276 | D        | Reached skill level 10 in Unarmed Combat
   297 | D        | Found a basalt altar of Yredelemnul.
   297 | D        | Found a shadowy altar of Dithmenos.
   297 | D        | Found a sacrificial altar of Ru.
   304 | D        | Reached ***** piety under Trog
   333 | D        | Noticed a shadow
   335 | D        | Killed a shadow
   336 | D        | Reached XP level 8. HP: 92/92 MP: 7/7
   346 | D        | Found a blossoming altar of Fedhas.
   346 | D        | Found a stormy altar of Qazlal.
   346 | D        | Found a snail-covered altar of Cheibriados.
   346 | D        | Found a burning altar of Makhleb.
   346 | D        | Found a shimmering altar of Xom.
   347 | D        | Found a hazy altar of Hepliaklqana.
   347 | D        | Found an opulent altar of Gozag.
   347 | D        | Found a sparkling altar of Nemelex Xobeh.
   347 | D        | Found a corrupted altar of Lugonu.
   347 | D        | Found a viscous altar of Jiyva.
   354 | D        | Reached skill level 11 in Unarmed Combat
   387 | D        | Slain by a two-headed ogre

Illustrated notes

Levels and vault maps discovered:
D:        dungeon_sprint_mu [sprint_mu_entry_forest, sprint_mu_temple_rooms,
          sprint_mu_d1_spiders, sprint_mu_d2_genie, sprint_mu_d3_branching,
          sprint_mu_orc_legion, sprint_mu_elf_gauntlet, sprint_mu_hive_nellie,
          sprint_mu_lair_fedhas, sprint_mu_vaults_butterflies,
          sprint_mu_slime_circle, sprint_mu_swamp_cave, sprint_mu_snake_twists,
          sprint_mu_blade_basic, sprint_mu_crypt_fortress,
          sprint_mu_tomb_spiral, sprint_mu_vestibule_basic,
          sprint_mu_gehenna_hellfire, sprint_mu_dis_giant,
          sprint_mu_tartarus_statrot, sprint_mu_cocytus_islands, sprint_mu_zot1]

Skill      XL: |  1  2  3  4  5  6  7  8 |
---------------+-------------------------+-----
Fighting       | 3 5 8 9 |  9.6
Dodging        | 3 4 5 7 9 |  9.5
Unarmed Combat | 4 6 9 10 11 | 11.3

Action                     |  1- 3 |  4- 6 |  7- 9 || total
---------------------------+-------+-------+-------++-------
  Melee: Unarmed           |    30 |    14 |    26 ||    70
         Punch             |       |       |     6 ||     6
 Invoke: Berserk           |     1 |       |       ||     1
    Use: Potion            |     1 |       |       ||     1
 Armour: Animal skin       |    14 |     6 |    14 ||    34
  Dodge: Dodged            |    10 |     2 |     7 ||    19
  Block: Other             |       |     1 |     2 ||     3

Table legend: (Time is in decaauts)
 A = Elapsed time spent in this place.
 B = Non-inter-level travel time spent in this place.
 C = Inter-level travel time spent in this place.
 D = Time resting spent in this place.
 E = Time spent auto-exploring this place.
 F = Levels seen in this place.
 G = Mean time per level.
                   A        B        C        D        E       F      G
               +--------+--------+--------+--------+--------+-----+--------+
         Total |    387 |    387 |      0 |     46 |    202 |   1 |  387.0 |
       Dungeon |    387 |    387 |      0 |     46 |    202 |   1 |  387.0 |
               +--------+--------+--------+--------+--------+-----+--------+

Top non-repeatable levels by time:
       D: 387 daAuts
